 Dungeon Crawl Stone Soup version 0.28-a0-535-g6f645e4c1d (webtiles) character file.

Game seed: 13596616208289818855

6597 funkygono the Arsonist (level 11, -3/56 HPs)
             Began as a Gargoyle Fire Elementalist on Sept 26, 2021.
             Was a Believer of Vehumet.
             Killed from afar by an oklob plant (27 damage)
             ... with a splash of acid
             ... on level 1 of the Lair of Beasts.
             The game lasted 00:30:39 (11705 turns).

funkygono the Arsonist (GrFE)                      Turns: 11705, Time: 00:30:40

Health: -3/56      AC: 11    Str: 13    XL:     11   Next: 2%
Magic:  16/24      EV: 16    Int: 20    God:    Vehumet [**....]
Gold:   639        SH:  0    Dex: 12    Spells: 13/28 levels left

rFire   . . .      SeeInvis +   j - +3 flail (vorpal)
rCold   . . .      Faith    .   (no shield)
rNeg    + . .      Spirit   .   R - +0 troll leather armour
rPois   ∞          Reflect  .   n - +1 helmet
rElec   +          Harm     .   z - +2 cloak
rCorr   .          Rampage  .   E - +1 pair of gloves
Will    .....                   (no boots)
Stlth   ++........              I - amulet of magic regeneration
HPRegen 1.18/turn               e - +4 ring of evasion
MPRegen 0.44/turn               d - ring of the Saviour {Fly Int+2 Dex+2 SInv}

@: corroded, flying
A: sickness immunity, AC +8, negative energy resistance 1, electricity
resistance, torment resistance 1, petrification resistance
a: Renounce Religion


You were on level 1 of the Lair of Beasts.
You worshipped Vehumet.
Vehumet was pleased with you.
You visited 2 branches of the dungeon, and saw 10 of its levels.
You also visited: Sewer.

You collected 777 gold pieces.
You spent 138 gold pieces at shops.

Inventory:

Hand Weapons
 j - a +3 vorpal flail (weapon)
 G - a +0 whip of electrocution
Armour
 n - a +1 helmet (worn)
 z - a +2 cloak (worn)
 E - a +1 pair of gloves (worn)
 Q - the +0 leather armour of Inaction {rF- rCorr Int+4}
   (You found it on level 9 of the Dungeon)

   Int:       It affects your intelligence (+4).
   rF:        It makes you vulnerable to fire.
   rCorr:     It protects you from acid and corrosion.
 R - a +0 troll leather armour (worn)
 U - +0 steam dragon scales
Magical Staves
 L - a staff of cold
Jewellery
 d - the ring of the Saviour (right hand) {Fly Int+2 Dex+2 SInv}
   (You acquired it on level 4 of the Dungeon)

   [ring of flight]

   Int:       It affects your intelligence (+2).
   Dex:       It affects your dexterity (+2).
   SInv:      It lets you see invisible.
   Fly:       It grants you flight.
 e - a +4 ring of evasion (left hand)
 h - a ring of fire
 B - the amulet "Mehejej" {rPois rC+ Regen+}
   (You acquired it on level 4 of the Dungeon)

   [amulet of regeneration]

   rC:        It protects you from cold.
   rPois:     It protects you from poison.
   Regen:     It increases your rate of health regeneration.
 I - an amulet of magic regeneration (around neck)
 M - a ring of magical power
Wands
 t - a wand of iceblast (15)
Scrolls
 f - 2 scrolls of amnesia
 l - 6 scrolls of teleportation
 u - 2 scrolls of magic mapping
 x - a scroll of fog
 O - a scroll of fear
 S - a scroll of blinking
Potions
 g - 3 potions of invisibility
 o - a potion of berserk rage {unknown}
 p - 5 potions of heal wounds
 r - 3 potions of magic
 v - a potion of experience {unknown}
 w - a potion of resistance
 A - a potion of might {unknown}
 D - a potion of mutation {unknown}
 F - a potion of haste {unknown}


   Skills:
 + Level 1.6 Fighting
 + Level 1.6 Maces & Flails
 + Level 2.9 Dodging
 - Level 2.1 Stealth
 * Level 9.2 Spellcasting
 * Level 8.6 Conjurations
 * Level 9.4 Fire Magic
 * Level 4.1 Poison Magic


You had 13 spell levels left.
You knew the following spells:

 Your Spells              Type           Power      Damage    Failure   Level
a - Foxfire               Conj/Fire      100%       2x1d9     1%          1
b - Scorch                Fire           94%        2d10      1%          2
c - Conjure Flame         Conj/Fire      45%        6-21      1%          3
d - Flame Wave            Conj/Fire      45%        3d9       2%          4
e - Olgreb's Toxic Radia  Pois           25%        N/A       19%         4
f - Shock                 Conj/Air       100%       1d9       1%          1

Your spell library contained the following spells:

 Spells                   Type           Power      Damage    Failure   Level
 Inner Flame              Hex/Fire       28%        N/A       4%          3
 Summon Small Mammal      Summ           36%        N/A       10%         1
 Spider Form              Tmut/Pois      8%         N/A       12%         3
 Ensorcelled Hibernation  Hex/Ice        18%        N/A       14%         2
 Passwall                 Tmut/Erth      7%         N/A       14%         2
 Call Canine Familiar     Summ           9%         N/A       28%         3
 Portal Projectile        Hex/Tloc       18%        N/A       28%         3
 Summon Guardian Golem    Hex/Summ       9%         N/A       28%         3
 Swiftness                Air            9%         N/A       28%         3
 Blade Hands              Tmut           4%         N/A       95%         5
 Excruciating Wounds      Necr           4%         N/A       95%         5
 Invisibility             Hex            4%         N/A       100%        6
 Ozocubu's Refrigeration  Ice            4%         4d5       100%        7
 Ignition                 Fire           23%        3d8       100%        8


Dungeon Overview and Level Annotations

Branches:
Dungeon (9/15)             Temple (0/1) D:4            Lair (1/6) D:9
  Sewer (visited)
    Orc: D:9-12

Altars:
Dithmenos
Fedhas
Gozag
Hepliaklqana
Nemelex Xobeh
Okawaru
Ru
Sif Muna
Vehumet
Wu Jian
Yredelemnul
The Shining One

Shops:
D:5 [

Annotations:
Lair:1 exclusion: oklob plant


Innate Abilities, Weirdness & Mutations

You are immune to sickness and miasma.
Your stone body is resilient. (AC +8)
You are immune to poison.
You resist negative energy. (rN+)
You are resistant to electric shocks. (rElec)
You are resistant to unholy torment.
You are immune to petrification.


Message History

You fly downwards.
Welcome to the Lair of Beasts!
The four-headed hydra roars!
Marking area around an oklob plant as unsafe for travelling.
Found a wand of iceblast (7) and 20 gold pieces.
There is a staircase back to the Dungeon here.
There are monsters nearby!
Casting: Flame Wave (dangerous; 2% risk of failure)
Confirm with . or Enter, or press ? or * to list all spells.
Flames lash the oklob plant.
The oklob plant is lightly damaged.
The oklob plant's fire resistance burns away.
A yak comes into view.
Unknown command.
Casting: Scorch (safe; 1% risk of failure)
Confirm with . or Enter, or press ? or * to list all spells.
Flames lash the oklob plant.
The oklob plant is burned terribly!
The oklob plant is moderately damaged.
The oklob plant spits acid at you. The splash of acid hits you!!
The acid corrodes you!
Unknown command.
Casting: Scorch (safe; 1% risk of failure)
Confirm with . or Enter, or press ? or * to list all spells.
Flames lash the oklob plant.
The oklob plant is burned terribly!
The oklob plant is heavily damaged.
Unknown command.
Casting: Scorch (safe; 1% risk of failure)
Confirm with . or Enter, or press ? or * to list all spells.
Flames lash the oklob plant.
The oklob plant is burned terribly!
The oklob plant is severely damaged.
The oklob plant is no longer more vulnerable to fire.
The oklob plant spits acid at you. The splash of acid hits you!
The acid corrodes you!
Casting: Scorch (safe; 1% risk of failure)
Confirm with . or Enter, or press ? or * to list all spells.
Flames lash the four-headed hydra.
The four-headed hydra is moderately wounded.
The four-headed hydra's fire resistance burns away.
The oklob plant spits acid at you. The splash of acid hits you!!
You die...

P... ....
..... ....
#.Y. #.$.####
PPP...####.#
PPP/@.......
PPP.D.......
.............
##.#...#######
# ....# ##...#
..... ......


You could see a four-headed hydra (combustible), an oklob plant and a yak.

Vanquished Creatures
  Harold (D:8)
  A two-headed ogre (D:8)
  Pikel (D:6)
  A cyclops (D:9)
  A troll (D:9)
  5 yaks (D:9)
  A wraith (D:9)
  3 steam dragons
  Edmund (D:4)
  3 orc warriors
  2 ice beasts (D:6)
  2 sky beasts (D:8)
  A black bear (D:5)
  2 ogres
  3 centaurs
  3 phantoms
  A wyvern zombie (D:7)
  3 bullfrogs
  A gnoll sergeant (D:4)
  A wyvern skeleton (D:7)
  3 killer bees (D:9)
  2 howler monkeys
  4 hounds
  2 orc priests
  A jelly (D:6)
  A gnoll shaman (D:6)
  Jessica (D:2)
  2 centaur skeletons
  2 iguanas (D:5)
  9 orc wizards
  Natasha (thrice) (D:3)
  2 howler monkey zombies
  Robin (D:3)
  13 gnolls
  11 adders
  4 river rats
  A shadow imp (D:8)
  31 orcs
  8 endoplasms
  3 giant cockroaches
  19 goblins
  8 hobgoblins
  3 quokkas
  12 ball pythons
  3 bats
  6 frilled lizards
  8 kobolds
  A quokka skeleton (D:3)
  30 rats
231 creatures vanquished.

Vanquished Creatures (collateral kills)
  A foxfire (D:3)
1 creature vanquished.

Vanquished Creatures (others)
  814 foxfires
  6 fungi (D:3)
  5 toadstools (D:3)
825 creatures vanquished.

Grand Total: 1057 creatures vanquished

Notes
Turn   | Place    | Note
-------+----------+-------------------------------------------
     0 | D:1      | funkygono the Gargoyle Fire Elementalist began the quest
                  | for the Orb.
     0 | D:1      | Reached XP level 1. HP: 10/10 MP: 3/3
   444 | D:1      | Reached XP level 2. HP: 15/15 MP: 1/5
   447 | D:1      | Learned a level 2 spell: Scorch
  1310 | D:2      | Reached XP level 3. HP: 7/19 MP: 0/6
  1998 | D:2      | Noticed Jessica
  2010 | D:2      | Killed Jessica
  2011 | D:2      | Reached XP level 4. HP: 24/24 MP: 1/7
  2150 | D:2      | Learned a level 3 spell: Conjure Flame
  2408 | D:2      | Found a faded altar of an unknown god.
  2559 | D:3      | Noticed Natasha
  2649 | D:3      | Killed Natasha
  2905 | D:3      | Reached XP level 5. HP: 28/28 MP: 5/9
  3047 | D:3      | Learned a level 4 spell: Flame Wave
  3090 | D:3      | Noticed Natasha
  3096 | D:3      | Killed Natasha
  3158 | D:3      | Found a sacrificial altar of Ru.
  3379 | D:3      | Noticed Natasha
  3389 | D:3      | Killed Natasha
  3463 | D:3      | Found a hazy altar of Hepliaklqana.
  3555 | D:3      | Noticed Robin
  3643 | D:3      | Killed Robin
  3644 | D:3      | Reached XP level 6. HP: 32/32 MP: 6/11
  4079 | D:4      | Found a shimmering blue altar of Sif Muna.
  4124 | D:4      | Noticed Edmund
  4213 | D:4      | Killed Edmund
  4214 | D:4      | Reached skill level 5 in Fire Magic
  4377 | D:4      | Found a staircase to the Ecumenical Temple.
  4423 | D:4      | Found a radiant altar of Vehumet.
  4799 | D:4      | Found a glowing drain.
  4813 | Sewer    | Entered a sewer
  4880 | Sewer    | Reached XP level 7. HP: 36/36 MP: 6/13
  6096 | D:4      | Reached skill level 5 in Spellcasting
  6096 | D:4      | Reached skill level 5 in Conjurations
  6096 | D:4      | Reached XP level 8. HP: 41/41 MP: 8/15
  6258 | D:4      | Learned a level 4 spell: Olgreb's Toxic Radiance
  6295 | D:4      | Became a worshipper of Vehumet
  6297 | D:4      | Identified 2 scrolls of acquirement
  6297 | D:4      | Acquired the amulet "Mehejej" {rPois rC+ Regen+}
  6311 | D:4      | Acquired the ring of the Saviour {Fly Int+2 Dex+2 SInv}
  6352 | D:5      | Entered Level 5 of the Dungeon
  6551 | D:5      | Identified the +5 dagger "Gargoyle's Foe" {spect, Int+4}
  6715 | D:5      | Reached skill level 1 in Poison Magic
  6789 | D:5      | Found Vupt's Armour Boutique.
  6797 | D:5      | Bought a +1 cloak for 138 gold pieces
  6981 | D:5      | Found an ornate altar of the Wu Jian Council.
  7357 | D:5      | Found a sparkling altar of Nemelex Xobeh.
  7358 | D:5      | Found an opulent altar of Gozag.
  7509 | D:6      | Reached * piety under Vehumet
  7509 | D:6      | Offered knowledge of Freeze by Vehumet.
  7759 | D:6      | Reached skill level 1 in Fighting
  7811 | D:6      | Noticed Pikel
  7820 | D:6      | Killed Pikel
  7821 | D:6      | Reached XP level 9. HP: 47/47 MP: 7/18
  7998 | D:6      | Identified the +3 spear of Tini Jiumu {drain, rElec rPois
                  | rC- Str+2}
  8164 | D:6      | Found a blossoming altar of Fedhas.
  9139 | D:8      | Noticed a two-headed ogre
  9152 | D:8      | Killed a two-headed ogre
  9153 | D:8      | Reached XP level 10. HP: 30/52 MP: 0/21
  9682 | D:8      | Found an iron altar of Okawaru.
  9692 | D:8      | Noticed Harold
  9808 | D:8      | Killed Harold
 10589 | D:9      | Reached ** piety under Vehumet
 10589 | D:9      | Offered knowledge of Shock by Vehumet.
 10624 | D:9      | Reached skill level 1 in Maces & Flails
 10711 | D:9      | Found a glowing golden altar of the Shining One.
 10713 | D:9      | Noticed an angel
 10865 | D:9      | Found a shadowy altar of Dithmenos.
 10986 | D:9      | Identified the +0 leather armour of Inaction {rF- rCorr
                  | Int+4}
 11253 | D:9      | Noticed a cyclops
 11264 | D:9      | Killed a cyclops
 11357 | D:9      | Found a staircase to the Lair.
 11385 | D:9      | Found a basalt altar of Yredelemnul.
 11417 | D:9      | Reached XP level 11. HP: 56/56 MP: 19/24
 11472 | D:9      | Learned a level 1 spell: Shock
 11700 | Lair:1   | Entered Level 1 of the Lair of Beasts
 11700 | Lair:1   | Noticed an oklob plant
 11700 | Lair:1   | Noticed a four-headed hydra
 11705 | Lair:1   | Killed from afar by an oklob plant

Illustrated notes

Levels and vault maps discovered:
D:1:      evilmike_arrival_crescent, layout_basic, palyth_stone_intersect
D:2:      layout_loops_ring, basic_ecumenical_altar, uniq_jessica
D:3:      layout_rooms, mainiacjoe_overflow_paths,
          mainiacjoe_overflow_tiny_flanked, minmay_gold_behind_fungi,
          minmay_misc_feat_secret_circle, minmay_increasing_density, uniq_robin,
          uniq_natasha
D:4:      layout_basic, mainiacjoe_overflow_brackets, amcnicky_altar_gilded,
          minmay_temple_entry_enclosed_plants, portal_sewer_entry_b, uniq_edmund
D:5:      layout_gridville, grunt_temple_overflow_opulence,
          pdpol_wu_jian_five_deadly_venoms, serial_shops, nicolae_square_shop,
          amcnicky_mini_corridor_feature, st_stairs_13,
          kennysheep_generic_room_11
D:6:      layout_basic, kennysheep_mini_moat, uniq_pikel
D:7:      layout_basic
D:8:      layout_basic, okawaru_trees_1, uniq_harold
D:9:      cheibrodos_steamvent, layout_basic,
          mainiacjoe_overflow_six_doors_small, grunt_temple_overflow_holy_war,
          lair_entry_dummy, hangedman_decor_lopped, interstate_on_off,
          grunt_ministairs_8
Lair:1:   layout_long_grid, minmay_lair_oklob_bushes

Skill      XL: |  1  2  3  4  5  6  7  8  9 10 |
---------------+-------------------------------+-----
Conjurations   | 2 3 5 6 7 8 |  8.6
Fire Magic     | 4 5 7 8 9 |  9.4
Spellcasting   | 3 4 5 6 7 9 |  9.2
Dodging        | 2 |  2.9
Poison Magic   | 2 3 4 |  4.1
Fighting       | 1 |  1.6
Maces & Flails | 1 |  1.6
Stealth        | |  2.1

Action                   |  1- 3 |  4- 6 |  7- 9 | 10-12 || total
-------------------------+-------+-------+-------+-------++-------
Melee: Whip              |     6 |       |       |       ||     6
       Flail             |       |    16 |    16 |    47 ||    79
 Cast: Foxfire           |    34 |   123 |   206 |   118 ||   481
       Scorch            |    12 |     3 |    24 |    34 ||    73
       Conjure Flame     |       |       |       |     4 ||     4
       Flame Wave        |       |       |       |     2 ||     2
  Use: Scroll            |     1 |     4 |    14 |     3 ||    22
 Stab: Sleeping          |       |       |       |     1 ||     1
Armor: Robe              |     1 |     9 |    24 |    30 ||    64
       Skin              |       |     8 |       |       ||     8
Dodge: Dodged            |     6 |    33 |    43 |    67 ||   149

Table legend: (Time is in decaauts)
 A = Elapsed time spent in this place.
 B = Non-inter-level travel time spent in this place.
 C = Inter-level travel time spent in this place.
 D = Time resting spent in this place.
 E = Time spent auto-exploring this place.
 F = Levels seen in this place.
 G = Mean time per level.
                   A        B        C        D        E       F      G
               +--------+--------+--------+--------+--------+-----+--------+
         Total |  11784 |  11594 |    190 |   1631 |   7580 |  11 | 1071.3 |
       Dungeon |  11031 |  10842 |    189 |   1631 |   6962 |   9 | 1225.7 |
          Lair |      4 |      4 |      0 |      0 |      0 |   1 |    4.0 |
         Sewer |    747 |    747 |      0 |      0 |    617 |   1 |  747.0 |
               +--------+--------+--------+--------+--------+-----+--------+

Top non-repeatable levels by time:
     D:2: 1567 daAuts
     D:3: 1416 daAuts
     D:1: 1370 daAuts
     D:8: 1318 daAuts
     D:4: 1312 daAuts
     D:9: 1273 daAuts
     D:5: 1075 daAuts
     D:6: 986 daAuts
   Sewer: 747 daAuts
     D:7: 711 daAuts
  Lair:1: 4 daAuts
